 Dungeon Crawl Stone Soup version 0.18.1-50-g88ac8fd (webtiles) character file.

149 lorenzova the Charmwright (level 5, -7/38 HPs)
             Began as a Merfolk Skald on Oct 17, 2016.
             Mangled by Grinder (9 damage)
             ... on level 4 of the Dungeon.
             The game lasted 00:06:02 (3866 turns).

lorenzova the Charmwright (Merfolk Skald)           Turns: 3866, Time: 00:06:02

Health: -7/38      AC:  2    Str: 13    XL:     5   Next: 31%
Magic:  5/10       EV:  7    Int: 11    God:
Gold:   173        SH:  3    Dex: 14    Spells: 3 memorised, 5 levels left

rFire  . . .     SeeInvis .     a - +0 spear
rCold  + . .     Gourm    .     g - +0 robe (curse)
rNeg   . . .     Faith    .     m - +0 buckler
rPois  .         Spirit   .     (no helmet)
rElec  .         Dismiss  .     (no cloak)
rCorr  .         Reflect  .     (no gloves)
SustAt .         Harm     .     (no boots)
MR     .....                    (no amulet)
Stlth  +.........               (no ring)
                                k - ring of protection from cold

@: infused, not resistant to hostile enchantments, very unstealthy
A: change form in water, swift swim
a: no special abilities


You were on level 4 of the Dungeon.
You were hungry.

You visited 1 branch of the dungeon, and saw 4 of its levels.

You collected 173 gold pieces.

Inventory:

Hand Weapons
 a - a +0 spear (weapon)
Armour
 b - a +0 leather armour
 g - a cursed +0 robe (worn)
 m - a +0 buckler (worn)
Jewellery
 k - a ring of protection from cold (left hand)
Wands
 n - a wand of digging (8/24)
Scrolls
 e - a scroll of random uselessness {unknown}
 h - 3 scrolls of teleportation
 l - 2 scrolls of remove curse {unknown}
 q - a scroll of enchant weapon {unknown}
 s - 2 scrolls of fog {unknown}
 t - a scroll of amnesia {unknown}
Potions
 f - 2 potions of heal wounds {unknown}
 j - 2 potions of might {unknown}
 o - a potion of degeneration {unknown}
 p - a potion of brilliance {unknown}
 u - a potion of berserk rage {unknown}
 v - a potion of invisibility {unknown}
 w - a potion of cancellation {unknown}
 x - a potion of curing {unknown}
Books
 c - a book of Battle

   Spells                             Type                      Level
   a - Infusion                       Charms                       1
   b - Shroud of Golubria             Charms/Translocation         2
   c - Song of Slaying                Charms                       2
   d - Spectral Weapon                Hexes/Charms                 3
   e - Regeneration                   Charms/Necromancy            3
Comestibles
 d - 2 bread rations
 i - a beef jerky
 r - a meat ration


   Skills:
 - Level 2.1 Fighting
 - Level 3.0 Polearms
 - Level 0.6 Armour
 + Level 2.6 Dodging
 * Level 3.4 Spellcasting
 * Level 5.0 Charms


You had 5 spell levels left.
You knew the following spells:

 Your Spells              Type           Power        Failure   Level  Hunger
a - Infusion              Chrm           ##..         8%          1    #......
b - Song of Slaying       Chrm           ##......     12%         2    ###....
c - Shroud of Golubria    Chrm/Tloc      #.........   28%         2    ###....


Dungeon Overview and Level Annotations

Branches:
Dungeon (4/15)
 Temple: D:4-7

Altars:
Xom

Annotations:
D:4 Grinder


Message History

Your shroud bends Grinder's attack away!
You are too injured to fight recklessly!
You are too injured to fight recklessly!
You hit Grinder.
Grinder is heavily wounded.
Grinder gestures at you. Pain shoots through your body!
* * * LOW HITPOINT WARNING * * *
Your shroud bends Grinder's attack away.
You closely miss Grinder.
Grinder is heavily wounded.
You block Grinder's attack.
You barely miss Grinder.
Grinder is heavily wounded.
Grinder blinks!
Grinder blinks!
There is a stone staircase leading up here.
Your shroud begins to fray at the edges.
Grinder hits you!
You die...

##........#.#.##
..............# #
###...###..#.#.<# #.
.....# #.......# ..
#...# #.##..#.#
#.#####...###.###.#.#
# #.............#
#.#.#
....##......###.#
#.#.#
#.....@5...###.###.#.#
....##.##........?.
..# # ..$.%.....##.##.
#..#.##.##..#.# #..#.
#.# ..... ... .. #.#
..#.# #.. .. ... .##.#
#.# ## ### .. . ## #


You could see Grinder.

Vanquished Creatures
  Robin (D:2)
  A gnoll (D:1)
  4 adders
  3 worms
  4 dart slugs
  3 giant geckos
  7 giant cockroaches
  13 goblins
  6 hobgoblins
  3 jackals
  4 quokkas
  A ball python (D:2)
  7 bats
  5 giant newts
  5 kobolds
  8 rats
75 creatures vanquished.

Notes
Turn   | Place    | Note
--------------------------------------------------------------
     0 | D:1      | lorenzova the Merfolk Skald began the quest for the Orb.
     0 | D:1      | Reached XP level 1. HP: 16/16 MP: 3/3
   284 | D:1      | Reached XP level 2. HP: 15/22 MP: 5/5
   290 | D:1      | Learned a level 2 spell: Song of Slaying
   293 | D:1      | Learned a level 2 spell: Shroud of Golubria
   601 | D:1      | Reached XP level 3. HP: 16/27 MP: 0/6
   865 | D:1      | Reached skill level 4 in Charms
  1192 | D:2      | Found a shimmering altar of Xom.
  1202 | D:2      | Reached XP level 4. HP: 22/33 MP: 8/8
  1463 | D:2      | Noticed Robin
  1476 | D:2      | Killed Robin
  2650 | D:3      | Reached XP level 5. HP: 36/38 MP: 9/9
  3758 | D:3      | Reached skill level 5 in Charms
  3847 | D:4      | Noticed Grinder
  3853 | D:4      | Paralysed by Grinder for 2 turns
  3858 | D:4      | HP: 1/38 [Grinder/nerve-wracking pain (9)]
  3866 | D:4      | Mangled by Grinder

Skill      XL: |  1  2  3  4  5 |
---------------+----------------+-----
Dodging        | 2 |  2.6
Charms         | 4 5 |  5.0
Spellcasting   | 3 |  3.4
Fighting       | |  2.1
Polearms       | |  3.0
Armour         | |  0.6

Action                   |  1- 3 |  4- 6 || total
-------------------------+-------+-------++-------
Melee: Spear             |   113 |   185 ||   298
 Cast: Infusion          |     2 |     5 ||     7
       Song of Slaying   |       |     1 ||     1
       Shroud of Golubri |       |     1 ||     1
  Use: Scroll            |     1 |       ||     1
 Stab: Sleeping          |     2 |     2 ||     4
  Eat: Chunk             |     1 |     8 ||     9
Armor: Robe              |    13 |    22 ||    35
Dodge: Dodged            |    46 |    58 ||   104
Block: Buckler           |     1 |    11 ||    12
